 Dungeon Crawl Stone Soup version 0.31-a0-627-gd65175cf8b (webtiles) character file.

Game seed: 4386539760273327960

3288 GordonOverkill the Carver (level 10, -4/51 HPs)
             Began as a Vine Stalker Delver on Aug 25, 2023.
             Was an Initiate of Makhleb.
             Slain by a death yak (19 damage)
             ... on level 7 of the Dungeon.
             The game lasted 00:15:45 (5491 turns).

GordonOverkill the Carver (Vine Stalker Delver)     Turns: 5491, Time: 00:15:46

Health: -4/51      AC:  9    Str: 17    XL:     10   Next: 1%
Magic:  0/14       EV:  8    Int: 12    God:    Makhleb [......]
Gold:   253        SH:  0    Dex: 16    Spells: 9/9 levels left

rFire   . . .        f - +7 Throatcutter {drain, coup de grace}
rCold   . . .        (no shield)
rNeg    + . .        n - +0 chain mail
rPois   .            k - +0 hat
rElec   .            (no cloak)
rCorr   .            (no gloves)
SInv    .            (no boots)
Will    +....        (no amulet)
Stlth   +            (no ring)
HPRegen 1.08/turn    u - ring of positive energy
MPRegen 0.14/turn

%: guardian spirit
@: no status effects
A: fangs 3, regeneration 1, magic shield, antimagic bite, no potion heal 2
a: Renounce Religion


You were on level 7 of the Dungeon.
You worshipped Makhleb.
Makhleb was noncommittal.
You visited 2 branches of the dungeon, and saw 9 of its levels.

You collected 325 gold pieces.
You spent 72 gold pieces at shops.

Inventory:

Hand Weapons
 f - the +7 Throatcutter (weapon) {drain, coup de grace}
   (You took it off Terence on level 2 of the Dungeon)
 t - the +7 dagger of Sharp Conscience {freeze, rC+ Str-4 Dex+3 Stlth+}
   (You found it on level 3 of the Dungeon)

   Str-4:     It affects your strength (-4).
   Dex+3:     It affects your dexterity (+3).
   rC+:       It protects you from cold.
   Stlth+:    It makes you more stealthy.
Armour
 k - a +0 hat (worn)
 n - a +0 chain mail (worn)
Jewellery
 c - a ring of ice
 u - a ring of positive energy (right hand)
 v - a +6 ring of strength
 y - an amulet of the acrobat
Wands
 g - a wand of digging (3)
 i - a wand of paralysis (13)
Scrolls
 a - 4 scrolls of teleportation
 b - 3 scrolls of revelation
 h - 2 scrolls of immolation
 l - a scroll of acquirement {unknown}
 m - 5 scrolls of enchant weapon {unknown}
 o - 2 scrolls of enchant armour {unknown}
 p - 2 scrolls of fear
 r - 4 scrolls of fog
 s - a scroll of silence {unknown}
 x - 2 scrolls of vulnerability {unknown}
 B - a scroll of blinking {unknown}
Potions
 d - 6 potions of curing
 e - 4 potions of lignification
 j - 3 potions of haste
 w - 3 potions of resistance


   Skills:
 - Level 5.0 Fighting
 - Level 1.7(6.3) Short Blades
 + Level 9.7(9.8) Long Blades
 - Level 0.3 Polearms
 - Level 4.0 Armour
 - Level 1.5 Dodging
 - Level 6.0 Stealth
 - Level 0.4 Spellcasting
 - Level 0.4 Translocations
 - Level 0.5 Fire Magic
 - Level 5.0 Invocations


You had 9 spell levels left.
You didn't know any spells.
Your spell library contained the following spells:

 Spells                   Type           Power      Damage    Failure   Level
 Shock                    Conj/Air       0%         1d3       97%         1
 Blink                    Tloc           2%         N/A       99%         2
 Lesser Beckoning         Tloc           2%         N/A       99%         2
 Momentum Strike          Conj/Tloc      0%         3d8       99%         2
 Dazzling Flash           Conj/Hex       0%         N/A       100%        3
 Swiftness                Air            0%         N/A       100%        3
 Volatile Blastmotes      Fire/Tloc      2%         2d10      100%        3
 Airstrike                Air            0%         2d(0-16)  100%        4
 Starburst                Conj/Fire      0%         6d3       100%        6
 Maxwell's Capacitive Co  Air            0%         ∞         100%        8


Dungeon Overview and Level Annotations

Branches:
Dungeon (8/15)             Temple (1/1) D:6
   Lair: D:8-11

Altars:
Ashenzari
Cheibriados
Dithmenos
Fedhas
Hepliaklqana
Kikubaaqudgha
Makhleb
Nemelex Xobeh
Okawaru
Qazlal
Ru
Sif Muna
Trog
Uskayaw
Vehumet
Xom
Yredelemnul
Zin
The Shining One

Shops:
D:2 *(?   D:6 (   D:8 *

Annotations:
D:5 exclusion: downstairs


Innate Abilities, Weirdness & Mutations

You have razor-sharp teeth.
Your natural rate of healing is unusually fast.
When hurt, damage is shared between your health and your magic reserves.
Your bite disrupts and absorbs the magic of your enemies.
Potions cannot restore your health.


Message History

You flicker for a moment.
You slash the death yak! You drain the death yak.
You bite the death yak, but do no damage.
The death yak is heavily wounded.
The death yak gores you.
You hit the death yak but do no damage.
The death yak is heavily wounded.
The death yak gores you!
* * * LOW HITPOINT WARNING * * *
You slash the death yak! You drain the death yak. You bite the death yak.
You drain its power.
You feel invigorated.
The death yak is severely wounded.
The death yak barely misses you.
You slash the death yak! You bite the death yak. You drain its power.
You feel invigorated.
The death yak is almost dead.
The death yak barely misses you.
You slash the death yak!
The death yak is almost dead.
The death yak gores you.
* * * LOW HITPOINT WARNING * * *
You catch the helpless death yak completely off-guard!
You slash the death yak!
You kill the death yak!
Makhleb accepts your kill.
You flicker back into view.
Training target 5.0 for Invocations reached!
Your Invocations skill increases to level 5!
You have reached level 10!
You hit the death yak. You drain the death yak.
The death yak is lightly wounded.
The death yak barely misses you.
You hit the death yak but do no damage. You punch the death yak.
The death yak is lightly wounded.
The death yak gores you!!
* * * LOW HITPOINT WARNING * * *
You slice the death yak!!
The death yak is moderately wounded.
The death yak gores you!!
You die...

#>..## #...#....#..##.......#
###..###..#......#.##########
##..####...##...##
######...########### ###
....####...#.....# ###.####
....# ###.......#####......#
....######.#..............#.#
....##.....#.#...#####.#.##.#
....##.....#.#.#@# #.#.##.#
....##.....#.#.#Y# #.#....#
....##.....#.....## #...####
....##.....#.#.#..# ###.#
....##.....#.#.#..######.##
....##.......#.##>........#
##.###....####.############
#.# #.........#
#.###....####.#


You could see a death yak (drained).

Vanquished Creatures
  A death yak (D:7)
  Jeremiah (D:7)
  A yak (D:8)
  Eustachio (D:5)
  A water moccasin (D:7)
  Edmund (D:5)
  Duvessa (D:5)
  An ice beast (D:7)
  An orc warrior (D:7)
  A sky beast (D:7)
  2 black bears
  A centaur (D:6)
  A phantom (D:6)
  A bullfrog (D:7)
  Dowan (D:5)
  An oklob sapling (D:6)
  2 hounds (D:5)
  3 orc priests
  3 gnoll boudas
  6 jellies
  Terence (D:2)
  4 iguanas
  2 orc wizards (D:4)
  A sleepcap (D:7)
  Natasha (thrice) (D:4)
  A mummy (D:4)
  14 gnolls
  9 adders
  2 white imps
  3 ufetubi
  2 dart slugs
  21 orcs
  7 endoplasms
  5 giant cockroaches
  7 goblins
  7 hobgoblins
  7 jackals (D:3)
  5 quokkas
  8 ball pythons
  9 bats
  2 frilled lizards
  7 kobolds
  8 rats
  3 rat zombies (D:3)
169 creatures vanquished.

Notes
Turn   | Place    | Note
-------+----------+-------------------------------------------
     0 | D:5      | GordonOverkill the Vine Stalker Delver began the quest for
                  | the Orb.
     0 | D:5      | Reached XP level 1. HP: 11/11 MP: 2/2
    19 | D:6      | Noticed an oklob sapling
    19 | D:6      | Noticed an iguana
    19 | D:6      | Found a staircase to the Ecumenical Temple.
    75 | D:5      | Noticed a gnoll bouda
   106 | D:6      | Noticed a jelly
   108 | D:6      | Noticed a black bear
   109 | D:6      | Killed a jelly
   110 | D:6      | Reached XP level 2. HP: 17/17 MP: 3/3
   110 | D:6      | Reached XP level 3. HP: 21/21 MP: 4/4
   128 | D:5      | Noticed Eustachio
   253 | D:4      | Gained mutation: Your natural rate of healing is unusually
                  | fast. [Vine Stalker growth]
   253 | D:4      | Reached XP level 4. HP: 14/26 MP: 3/5
   409 | D:4      | Found a glowing golden altar of the Shining One.
   409 | D:4      | Found a bloodstained altar of Trog.
   538 | D:2      | Found Idueb Wid's Weapon Shop.
   690 | D:2      | Noticed Terence
   699 | D:2      | Killed Terence
   757 | D:2      | Reached XP level 5. HP: 28/30 MP: 4/6
  1176 | D:1      | Found a faded altar of an unknown god.
  1338 | D:1      | Reached skill level 1 in Long Blades
  1442 | D:2      | Found Lionusm's Assorted Antiques.
  1449 | D:2      | Bought a scroll labelled ZUIVIB KIRAM for 26 gold pieces
  1449 | D:2      | Bought a grey potion for 23 gold pieces
  1449 | D:2      | Bought a silvery potion for 23 gold pieces
  1558 | D:2      | Found Zunkavagg's Magic Scroll Shop.
  1826 | D:3      | Identified the +7 dagger of Sharp Conscience {freeze, rC+
                  | Str-4 Dex+3 Stlth+}
  1885 | D:3      | Found an iron altar of Okawaru.
  1888 | D:3      | Reached skill level 5 in Fighting
  1888 | D:3      | Reached skill level 1 in Armour
  2189 | D:3      | Reached XP level 6. HP: 35/35 MP: 7/7
  2401 | D:3      | Found an ancient bone altar of Kikubaaqudgha.
  2628 | D:4      | Found a stormy altar of Qazlal.
  2689 | D:4      | Reached skill level 2 in Long Blades
  2845 | D:4      | Found a snail-covered altar of Cheibriados.
  2857 | D:4      | Noticed Natasha
  2862 | D:4      | Killed Natasha
  2917 | D:4      | Reached skill level 3 in Long Blades
  2917 | D:4      | Reached XP level 7. HP: 35/39 MP: 3/8
  3060 | D:4      | Noticed Natasha
  3067 | D:4      | Killed Natasha
  3087 | D:4      | Noticed Natasha
  3091 | D:4      | Killed Natasha
  3096 | D:4      | Found a sparkling altar of Nemelex Xobeh.
  3522 | D:5      | Noticed Dowan
  3522 | D:5      | Noticed Duvessa
  3528 | D:5      | Killed Duvessa
  3529 | D:5      | Reached skill level 4 in Long Blades
  3529 | D:5      | Killed Dowan
  3533 | D:5      | Gained mutation: You have razor-sharp teeth. [Vine Stalker
                  | growth]
  3533 | D:5      | Reached XP level 8. HP: 43/43 MP: 9/9
  3552 | D:5      | Reached skill level 5 in Long Blades
  3788 | D:5      | Noticed Edmund
  3795 | D:5      | Killed Edmund
  3844 | D:5      | Killed Eustachio
  3845 | D:5      | Reached skill level 6 in Long Blades
  4172 | D:6      | Reached skill level 7 in Long Blades
  4431 | D:6      | Found Gulos's Weapon Shop.
  4527 | D:6      | Reached XP level 9. HP: 47/47 MP: 10/10
  4667 | D:6      | Reached skill level 8 in Long Blades
  4714 | Temple   | Entered the Ecumenical Temple
  4751 | Temple   | Became a worshipper of Makhleb the Destroyer
  4875 | D:7      | Reached skill level 1 in Invocations
  4911 | D:7      | Noticed Jeremiah
  4931 | D:7      | Killed Jeremiah
  5420 | D:8      | Found Ewaydeg's General Store.
  5436 | D:8      | Noticed a death yak
  5451 | D:8      | Noticed a death yak
  5452 | D:8      | Noticed a death yak
  5464 | D:8      | Reached skill level 9 in Long Blades
  5488 | D:7      | Killed a death yak
  5489 | D:7      | Reached skill level 5 in Invocations
  5489 | D:7      | Reached XP level 10. HP: 28/51 MP: 9/14
  5491 | D:7      | Slain by a death yak

Illustrated notes

Levels and vault maps discovered:
D:1:      dpeg_arrival_round_a, layout_basic, hellmonk_ecumenical_altar_blasted,
          minmay_octomino_j4
D:2:      layout_basic, serial_shops, nicolae_shop_pleasant_corner_grove, shop,
          shop, minmay_tall_x, uniq_terence
D:3:      layout_loops_ring, kennysheep_okawaru_gauntlet,
          lemuel_zombie_altar_kikubaaqudgha, grunt_decor_mini_mirrors,
          minmay_stone_trees_medium, st_stairs_3
D:4:      cheibrodos_pilgrimage, layout_basic, general_overflow_altar,
          slow_altar_1, lemuel_coloured_pillars_altar,
          mainiacjoe_overflow_divided_tiny, uniq_natasha
D:5:      nicolae_cairo_tiling_large, layout_loops_ring,
          nicolae_figureground_sparkle, uniq_duvessa, uniq_eustachio,
          uniq_edmund
D:6:      layout_rooms, minmay_temple_entry_oklob, serial_shops,
          nicolae_shop_bloodbath_and_beyond, grunt_ministairs_12
D:7:      layout_basic, hangedman_decor_slide_cut, uniq_jeremiah
D:8:      layout_rooms, lemuel_doored_altar, nicolae_gozag_zags_fifth_avenue,
          dpeg_lair_monsters, serial_shops, nicolae_shop_tiny_statue_garden
Temple:   minmay_temple_forest_path

Skill      XL: |  1  2  3  4  5  6  7  8  9 |
---------------+----------------------------+-----
Fighting       | 3 4 5 |  5.0
Long Blades    | 1 3 4 7 9 |  9.7
Armour         | 1 2 4 |  4.0
Invocations    | 5 |  5.0
Short Blades   | |  1.7
Polearms       | |  0.3
Dodging        | |  1.5
Stealth        | |  6.0
Spellcasting   | |  0.4
Translocations | |  0.4
Fire Magic     | |  0.5

Action                     |  1- 3 |  4- 6 |  7- 9 | 10-12 || total
---------------------------+-------+-------+-------+-------++-------
  Melee: Short sword       |    19 |    38 |       |       ||    57
         Bite              |     5 |    31 |    56 |       ||    92
         Punch             |     1 |     1 |     2 |     1 ||     5
         Hand axe          |       |    11 |       |       ||    11
         Long sword        |       |   150 |   181 |     3 ||   334
         Trident           |       |     6 |       |       ||     6
    Use: Scroll            |     1 |     7 |     3 |       ||    11
         Potion            |     1 |       |     1 |       ||     2
   Stab: Sleeping          |     2 |    10 |       |       ||    12
         Invisible         |       |       |     5 |       ||     5
 Armour: Leather armour    |     5 |     6 |       |       ||    11
         Ring mail         |       |     8 |       |       ||     8
         Chain mail        |       |    62 |    85 |       ||   147
         Scale mail        |       |    13 |       |       ||    13
  Dodge: Dodged            |     9 |    91 |    73 |     1 ||   174

Table legend: (Time is in decaauts)
 A = Elapsed time spent in this place.
 B = Non-inter-level travel time spent in this place.
 C = Inter-level travel time spent in this place.
 D = Time resting spent in this place.
 E = Time spent auto-exploring this place.
 F = Levels seen in this place.
 G = Mean time per level.
                   A        B        C        D        E       F      G
               +--------+--------+--------+--------+--------+-----+--------+
         Total |   5540 |   4969 |    571 |    114 |   3213 |   9 |  615.6 |
       Dungeon |   5465 |   4967 |    498 |    114 |   3213 |   8 |  683.1 |
        Temple |     74 |      2 |     72 |      0 |      0 |   1 |   74.0 |
               +--------+--------+--------+--------+--------+-----+--------+

Top non-repeatable levels by time:
     D:4: 1108 daAuts
     D:3: 963 daAuts
     D:5: 885 daAuts
     D:2: 701 daAuts
     D:7: 621 daAuts
     D:6: 605 daAuts
     D:1: 516 daAuts
  Temple: 74 daAuts
     D:8: 64 daAuts
